 Dungeon Crawl Stone Soup version 0.30.1-9-gdf580d7c3d (webtiles) character file.

Game seed: 1448383943881135517

94297 bearlyready the Basher (level 16, -4/133 HPs)
             Began as a Gnoll Reaver on Oct 13, 2023.
             Was a High Priest of Ashenzari.
             Slain by an alligator (16 damage)
             ... on level 1 of the Swamp on Oct 14, 2023.
             The game lasted 01:14:35 (28023 turns).

bearlyready the Basher (Gnoll Reaver)              Turns: 28023, Time: 01:14:35

Health: -4/133     AC: 16    Str: 12    XL:     16   Next: 11%
Magic:  17/34      EV: 18    Int: 19    God:    Ashenzari [*****.]
Gold:   1412       SH:  0    Dex: 12    Spells: 13/43 levels left

rFire   . . .        b - +10 dark maul {heavy}
rCold   . . .        (shield currently unavailable)
rNeg    . . .        I - +0 steam dragon scales "Chained Together" {Melee, Self} (curse)
rPois   .            t - +0 helmet "Seeker of Ashenzari" {Fort, Melee} (curse)
rElec   .            J - +0 cloak of the Fated Mistrust {Elem, Range} (curse)
rCorr   .            S - +2 pair of gloves "Manifest Omen" {Evo, Melee} (curse)
SInv    +            m - +0 pair of boots of the Pangnostic Portent {Evo, Cun} (curse)
Will    ++...        Q - amulet "Chained Together" {Acrobat, Evo, Comp} (curse)
Stlth   +++++        r - ring of Toth-Mos's Legacy {Will+, Evo, Comp} (curse)
HPRegen 0.42/turn    i - ring of the Prophetic Gnosis {Wiz, Comp, Elem} (curse)
MPRegen 0.24/turn

%: acrobat, clarity, wizardry (x1)
@: mighty, lethally poisoned (-4 -> -25)
A: fangs 1, strong nose, distributed training
a: Renounce Religion, Curse Item, Shatter the Chains


You were on level 1 of the Swamp.
You worshipped Ashenzari.
Ashenzari was extremely pleased with you.
You visited 5 branches of the dungeon, and saw 24 of its levels.

You collected 2450 gold pieces.
You spent 1038 gold pieces at shops.

Inventory:

Hand Weapons
 a - a +2 vampiric demon whip
 b - the +10 dark maul (weapon) {heavy}
   (You bought it in a shop on level 3 of the Dungeon)
 u - a +1 broad axe of electrocution
 N - a +0 morningstar
 O - a +4 dire flail
Missiles
 p - 3 javelins
 v - 5 boomerangs of dispersal
 B - 38 poisoned darts (quivered)
 P - 19 boomerangs
Armour
 m - the cursed +0 pair of boots of the Pangnostic Portent (worn) {Evo, Cun}
   (You found it on level 2 of the Dungeon)

   It has a curse which improves the following skills: Evocations: Evocations.
   Cunning:   Dodging and Stealth.
 t - the cursed +0 helmet "Seeker of Ashenzari" (worn) {Fort, Melee}
   (You found it on level 2 of the Dungeon)

   It has a curse which improves the following skills: Fortitude: Armour and
   Shields.
   Melee Combat: Short Blades, Long Blades, Axes, Maces & Flails, Polearms,
   Staves and Unarmed Combat.
 I - the cursed +0 steam dragon scales "Chained Together" (worn) {Melee, Self}
   (You found it on level 6 of the Dungeon)

   It has a curse which improves the following skills: Melee Combat: Short
   Blades, Long Blades, Axes, Maces & Flails, Polearms, Staves and Unarmed
   Combat.
   Introspection: Fighting and Spellcasting.
 J - the cursed +0 cloak of the Fated Mistrust (worn) {Elem, Range}
   (You found it on level 6 of the Dungeon)

   It has a curse which improves the following skills: Elements: Fire Magic, Ice
   Magic, Air Magic and Earth Magic.
   Ranged Combat: Ranged Weapons and Throwing.
 S - the cursed +2 pair of gloves "Manifest Omen" (worn) {Evo, Melee}
   (You found it on level 10 of the Dungeon)

   It has a curse which improves the following skills: Evocations: Evocations.
   Melee Combat: Short Blades, Long Blades, Axes, Maces & Flails, Polearms,
   Staves and Unarmed Combat.
Jewellery
 i - the cursed ring of the Prophetic Gnosis (right hand) {Wiz, Comp, Elem}
   (You found it on level 2 of the Dungeon)

   [ring of wizardry]

   It improves your spell success rate.
   It has a curse which improves the following skills: Companions: Summonings
   and Necromancy.
   Elements:  Fire Magic, Ice Magic, Air Magic and Earth Magic.
 r - the cursed ring of Toth-Mos's Legacy (left hand) {Will+, Evo, Comp}
   (You found it on level 2 of the Dungeon)

   [ring of willpower]

   Will:      It increases your willpower.
   It has a curse which improves the following skills: Evocations: Evocations.
   Companions: Summonings and Necromancy.
 Q - the cursed amulet "Chained Together" (around neck) {Acrobat, Evo, Comp}
   (You took it off an orc on level 9 of the Dungeon)

   [amulet of the acrobat]

   It increases your evasion while moving and waiting.
   It has a curse which improves the following skills: Evocations: Evocations.
   Companions: Summonings and Necromancy.
 R - an amulet of regeneration
 X - an amulet of magic regeneration
Wands
 n - a wand of polymorph (5)
 y - a wand of paralysis (13)
 L - a wand of iceblast (19)
 W - a wand of flame (26)
 Y - a wand of digging (10)
Scrolls
 d - 15 scrolls of identify
 e - 6 scrolls of poison
 h - 11 scrolls of teleportation
 j - a scroll of torment
 k - 5 scrolls of vulnerability
 o - a scroll of magic mapping
 w - 3 scrolls of amnesia
 x - 2 scrolls of noise
 A - 5 scrolls of enchant armour
 C - 3 scrolls of enchant weapon
 D - a scroll of silence
 F - a scroll of fog
 G - 7 scrolls of fear
Potions
 c - 6 potions of attraction
 f - 4 potions of brilliance
 g - 5 potions of heal wounds
 l - 6 potions of lignification
 q - 6 potions of haste
 s - 6 potions of degeneration
 z - 4 potions of curing
 E - 5 potions of ambrosia
 K - a potion of magic
 M - a potion of invisibility
 T - a potion of resistance
 U - 4 potions of mutation
 V - a potion of flight
Miscellaneous
 H - a box of beasts


   Skills:
 + Level 11.9(14.0) Fighting
 + Level 11.0(15.1) Short Blades
 + Level 11.0(15.1) Long Blades
 + Level 11.0(15.1) Axes
 + Level 12.7(16.8) Maces & Flails
 + Level 11.0(15.1) Polearms
 + Level 11.0(15.1) Staves
 + Level 11.0(13.1) Ranged Weapons
 + Level 11.0(13.1) Throwing
 + Level 11.0(13.1) Armour
 + Level 11.9(14.0) Dodging
 + Level 11.0(13.1) Stealth
 + Level 11.0(13.1) Shields
 + Level 11.0(15.1) Unarmed Combat
 + Level 12.0(14.1) Spellcasting
 + Level 10.7 Conjurations
 + Level 9.2 Hexes
 + Level 9.2(13.4) Summonings
 + Level 9.2(13.4) Necromancy
 + Level 9.2 Translocations
 + Level 9.2 Transmutations
 + Level 9.2(12.4) Fire Magic
 + Level 9.2(12.4) Ice Magic
 + Level 9.2(12.4) Air Magic
 + Level 9.2(12.4) Earth Magic
 + Level 9.2 Poison Magic
 + Level 11.9 Invocations
 + Level 11.0(16.0) Evocations


You had 13 spell levels left.
You knew the following spells:

 Your Spells              Type           Power      Damage    Failure   Level
a - Kiss of Death         Conj/Necr      100%       2d13      1%          1
b - Momentum Strike       Conj/Tloc      100%       3d10      1%          2
c - Wereblood             Tmut           48%        N/A       1%          2
d - Frozen Ramparts       Ice            100%       1d16      1%          3
e - Manifold Assault      Tloc           48%        N/A       1%          4
f - Statue Form           Tmut/Erth      35%        N/A       3%          6
g - Summon Mana Viper     Hex/Summ       54%        N/A       1%          5
h - Malign Gateway        Summ/Tloc      27%        N/A       16%         7

Your spell library contained the following spells:

 Spells                   Type           Power      Damage    Failure   Level
 Beastly Appendage        Tmut           96%        N/A       1%          1
 Freeze                   Ice            100%       1d10      1%          1
 Cigotuvi's Dreadful Rot  Necr/Pois/Air  100%       N/A       1%          2
 Ensorcelled Hibernation  Hex/Ice        100%       N/A       1%          2
 Passwall                 Tmut/Erth      44%        N/A       1%          2
 Static Discharge         Conj/Air       100%       2-7/arc   1%          2
 Confusing Touch          Hex            48%        N/A       1%          3
 Dazzling Flash           Conj/Hex       100%       N/A       1%          3
 Hailstorm                Conj/Ice       55%        3d12      1%          3
 Ignite Poison            Fire/Tmut/Pois 51%        N/A       1%          3
 Spider Form              Tmut/Pois      48%        N/A       1%          3
 Summon Guardian Golem    Hex/Summ       54%        N/A       1%          3
 Swiftness                Air            57%        N/A       1%          3
 Airstrike                Air            28%        2d(5-21)  1%          4
 Dispel Undead            Necr           59%        3d21      1%          4
 Ice Form                 Ice/Tmut       53%        N/A       1%          4
 Petrify                  Tmut/Erth      53%        N/A       1%          4
 Summon Ice Beast         Ice/Summ       58%        N/A       1%          4
 Summon Lightning Spire   Summ/Air       58%        N/A       1%          4
 Agony                    Necr           59%        N/A       1%          5
 Blade Hands              Tmut           24%        N/A       1%          5
 Freezing Cloud           Conj/Ice/Air   27%        6-21      1%          5
 Metabolic Englaciation   Hex/Ice        26%        N/A       1%          5
 Silence                  Hex/Air        26%        N/A       1%          5
 Summon Forest            Summ/Tloc      27%        N/A       1%          5
 Summon Cactus Giant      Summ           29%        N/A       1%          6
 Dispersal                Tloc           24%        N/A       7%          6
 Monstrous Menagerie      Summ           29%        N/A       7%          7
 Spellforged Servitor     Conj/Summ      28%        N/A       12%         7
 Orb of Destruction       Conj           26%        9d9       19%         7
 Disjunction              Tloc           24%        N/A       94%         8


Dungeon Overview and Level Annotations

Branches:
Dungeon (15/15)            Temple (0/1) D:5            Lair (5/5) D:9
  Swamp (1/4) Lair:2       Spider (1/4) Lair:3        Slime (0/5) Lair:5
    Orc (2/2) D:10            Elf (0/3) Orc:2        Vaults (0/5) D:14
 Depths: D:15

Altars:
Ashenzari
Cheibriados
Dithmenos
Gozag
Hepliaklqana
Kikubaaqudgha
Makhleb
Nemelex Xobeh
Okawaru
Qazlal
Trog
Uskayaw
Vehumet
Wu Jian
Xom
The Shining One
Jiyva

Shops:
D:3 (   D:6 *   Orc:1 [*   Orc:2 (=[*:

Annotations:
D:4 2 transporters, bairyn's ghost, amateur DESu
Lair:1 exclusion: oklob plant
Lair:4 3 runed translucent doors, laqueoix's ghost, journeyman FoFi


Innate Abilities, Weirdness & Mutations

You have very sharp teeth.
Your uncanny sense of smell can sniff out nearby items.
Your experience applies equally to all skills.


Message History

The alligator looks even sicker.
The alligator bites you!!
The alligator tail-slaps you but does no damage.
You are engulfed in poison gas.
You are more poisoned.
You feel very sick. The alligator completely misses you.
The alligator closely misses you. The swamp dragon barely misses you.
The swamp dragon closely misses you. The swamp dragon tramples you.
You stumble backwards!
You stop ascending the stairs.
You feel better.
You are engulfed in poison gas.
You are poisoned.
You feel very sick. The alligator barely misses you.
The alligator tail-slaps you. The swamp dragon misses you.
The swamp dragon closely misses you. The swamp dragon completely misses you.
Casting: Manifold Assault (safe; 1% risk of failure)
Confirm with . or Enter, or press ? or * to list all spells.
Space momentarily warps into an impossible shape!
You closely miss the alligator.
You beat the swamp dragon like a drum!!!
You kill the swamp dragon!
You are engulfed in poison gas.
You are more poisoned.
You feel extremely sick. The alligator barely misses you.
The alligator tail-slaps you.
* * * LOW HITPOINT WARNING * * *
The alligator puts on a burst of speed!
The alligator bites you!!
* * * LOW HITPOINT WARNING * * *
The alligator closely misses you.
Your magical contamination has completely faded away.
Okay, then.
You feel much better.
You are engulfed in poison gas.
You are lethally poisoned!
* * * LOW HITPOINT WARNING * * *
x2 You feel extremely sick.
The alligator barely misses you.
The alligator tail-slaps you but does no damage.
You feel very mighty all of a sudden.
* * * LOW HITPOINT WARNING * * *
You feel very sick. The alligator bites you!
You die...

~ ~~ ~~ ~~~ ** ~* ~
* , ~~~~~~~~~..~♣♣~
~
~~~~~§~~~~~~.~~~~^,,
, , §~~†~~~~~~~~~..~
,,, ,
,..~~~~§~~~..~~~~ ,
, ~
~~[..~~~~~~~~§~~~, ,
~~, *
,,...~~~..§.~~§♣ ,
~* , ∆*♣§~°~°..§♣* *
* ~,~* ♣♣~t@..♣ * *
, *,, * ♣..<~.§♣* **
~, ~, ~.~.>~~°~~.♣ ,
** ~...~§§~~.♣..~~*
* *
,,~~.~~§~§~.~.~~~ *
, , ,
~~~~~~.~~.....~♣ , *
, ,~~~.§~.~~~..♣♣♣♣
, , , .~§~~~..~~.~♣
*** * ,,,
..~~~.......♣~, * *
*


You could see an alligator (swift, poisoned).

Vanquished Creatures
  Kirke (D:13)
  Azrael (Orc:2)
  9 hydras
  A vault guard (D:14)
  A catoblepas (Lair:4)
  2 two-headed ogres
  4 centaur warriors (D:14)
  An alligator (Swamp:1)
  A boulder beetle (D:12)
  7 death yaks
  3 skysharks
  2 swamp dragons (Swamp:1)
  2 necromancers (D:14)
  A lindwurm (Lair:5)
  2 ugly things (D:14)
  2 manticores (D:14)
  2 orc sorcerers (Orc:2)
  6 cyclopes
  11 elephants
  2 black mambas
  2 torpor snails
  3 molten gargoyles (Lair:5)
  2 rust devils (D:8)
  10 cane toads
  3 rime drakes
  An unseen horror (D:11)
  2 kobold demonologists (D:9)
  A freezing wraith (D:14)
  13 komodo dragons
  3 tyrant leeches
  3 meliai (D:12)
  A polar bear (D:9)
  6 trolls
  A queen bee (D:12)
  A raiju (shapeshifter) (D:14)
  10 blink frogs (Lair:1)
  14 dream sheep
  2 shadows (D:11)
  4 wraiths
  Sigmund (D:4)
  47 yaks
  3 hogs (D:13)
  6 basilisks
  Eustachio (D:5)
  2 fire elementals (Orc:2)
  19 humans (D:14)
  11 wyverns
  2 steam dragons
  15 vampire mosquitoes
  2 swamp worms (Lair:2)
  13 water moccasins
  8 hell hounds
  21 orc warriors
  8 ice beasts
  4 sky beasts
  2 black bears
  7 centaurs
  4 ogres
  5 wolves
  3 kobold brigands
  4 bullfrogs
  7 scorpions
  2 gnoll sergeants
  6 wights
  27 killer bees
  A jelly (D:6)
  10 howler monkeys
  4 electric eels
  3 lava snakes (Lair:5)
  A quasit (D:6)
  5 orc priests
  3 hounds
  Jessica (D:2)
  Terence (D:2)
  2 sleepcaps
  Natasha (thrice) (D:2)
  3 iguanas
  23 orc wizards
  9 adders
  12 gnolls
  2 shadow imps
  6 white imps
  3 ufetubi (D:6)
  2 worms
  4 dart slugs
  53 orcs
  13 ball pythons
  4 endoplasms
  5 giant cockroaches
  A goblin (D:1)
  11 hobgoblins
  2 jackals (D:3)
  4 quokkas
  6 bats
  3 frilled lizards (D:1)
  18 kobolds
  5 rats
596 creatures vanquished.

Vanquished Creatures (collateral kills)
  3 orc warlords (Orc:2)
  Snorg (Orc:1)
  A fire dragon (Lair:5)
  Josephine (D:15)
  A vault guard (D:14)
  2 centaur warriors
  A boulder beetle (D:14)
  3 orc high priests (Orc:2)
  A death yak (Lair:5)
  A death drake (shapeshifter) (D:15)
  A deep elf pyromancer (D:15)
  4 orc knights (Orc:2)
  3 orc sorcerers (Orc:2)
  5 ugly things
  A cyclops (D:15)
  An efreet (D:15)
  A komodo dragon (Lair:5)
  5 trolls (Orc:2)
  A nameless horror (Orc:2)
  A dream sheep (Lair:5)
  A human (D:14)
  2 basilisks
  3 yaks (Lair:5)
  A vampire mosquito (D:12)
  2 wargs (Orc:2)
  10 orc warriors
  3 ogres (Orc:2)
  8 centaurs
  3 orc priests (Orc:2)
  2 orc wizards (Orc:1)
  9 orcs
82 creatures vanquished.

Vanquished Creatures (others)
  9 eldritch tentacles
  An orc warrior (Orc:2)
  An orc (Orc:2)
11 creatures vanquished.

Grand Total: 689 creatures vanquished

Notes
Turn   | Place    | Note
-------+----------+-------------------------------------------
     0 | D:1      | bearlyready the Gnoll Reaver began the quest for the Orb.
     0 | D:1      | Reached XP level 1. HP: 20/20 MP: 6/6
   138 | D:1      | Reached XP level 2. HP: 23/26 MP: 7/7
   141 | D:1      | Learned a level 2 spell: Momentum Strike
   417 | D:1      | Reached skill level 5 in Spellcasting
   417 | D:1      | Reached XP level 3. HP: 31/31 MP: 7/9
   782 | D:2      | Reached skill level 1 in Invocations
  1068 | D:2      | Noticed Terence
  1076 | D:2      | Killed Terence
  1077 | D:2      | Reached skill level 1 in Short Blades
  1077 | D:2      | Reached skill level 1 in Long Blades
  1077 | D:2      | Reached skill level 1 in Axes
  1077 | D:2      | Reached skill level 1 in Polearms
  1077 | D:2      | Reached skill level 1 in Staves
  1077 | D:2      | Reached skill level 1 in Ranged Weapons
  1077 | D:2      | Reached skill level 1 in Throwing
  1077 | D:2      | Reached skill level 1 in Armour
  1077 | D:2      | Reached skill level 1 in Stealth
  1077 | D:2      | Reached skill level 1 in Shields
  1077 | D:2      | Reached skill level 1 in Unarmed Combat
  1077 | D:2      | Reached skill level 1 in Evocations
  1077 | D:2      | Reached XP level 4. HP: 16/36 MP: 9/11
  1433 | D:2      | Noticed Natasha
  1439 | D:2      | Killed Natasha
  1440 | D:2      | Reached skill level 1 in Hexes
  1440 | D:2      | Reached skill level 1 in Summonings
  1440 | D:2      | Reached skill level 1 in Necromancy
  1440 | D:2      | Reached skill level 1 in Translocations
  1440 | D:2      | Reached skill level 1 in Transmutations
  1440 | D:2      | Reached skill level 1 in Fire Magic
  1440 | D:2      | Reached skill level 1 in Ice Magic
  1440 | D:2      | Reached skill level 1 in Air Magic
  1440 | D:2      | Reached skill level 1 in Earth Magic
  1440 | D:2      | Reached skill level 1 in Poison Magic
  1512 | D:2      | Noticed Jessica
  1517 | D:2      | Killed Jessica
  1518 | D:2      | Reached XP level 5. HP: 43/43 MP: 9/12
  1582 | D:2      | Noticed Natasha
  1585 | D:2      | Killed Natasha
  1721 | D:2      | Noticed Natasha
  1723 | D:2      | Killed Natasha
  2284 | D:3      | Found a radiant altar of Vehumet.
  2303 | D:3      | Found Iplilom's Weapon Boutique.
  2365 | D:3      | Found an ancient bone altar of Kikubaaqudgha.
  2367 | D:3      | Found a stormy altar of Qazlal.
  2592 | D:4      | Found a transporter.
  2630 | D:4      | Found a burning altar of Makhleb.
  2711 | D:4      | Noticed an ogre
  2716 | D:4      | Killed an ogre
  2717 | D:4      | Reached skill level 5 in Fighting
  2717 | D:4      | Reached skill level 5 in Dodging
  2717 | D:4      | Reached XP level 6. HP: 51/51 MP: 11/14
  2824 | D:4      | Found a broken altar of Ashenzari.
  2864 | D:4      | Became a worshipper of Ashenzari the Shackled
  2943 | D:4      | Found a shimmering altar of Xom.
  2962 | D:4      | Found a transporter.
  2964 | D:4      | Noticed bairyn's ghost (amateur DESu)
  3043 | D:4      | Noticed Sigmund
  3052 | D:4      | Killed Sigmund
  3053 | D:4      | Reached XP level 7. HP: 53/56 MP: 13/15
  3396 | D:5      | Entered Level 5 of the Dungeon
  3399 | D:5      | Noticed Eustachio
  3644 | D:5      | Found a staircase to the Ecumenical Temple.
  3705 | D:5      | Killed Eustachio
  3941 | D:5      | Found a shadowy altar of Dithmenos.
  4167 | D:5      | Reached XP level 8. HP: 43/57 MP: 12/16
  5044 | D:6      | Learned a level 2 spell: Wereblood
  5237 | D:6      | Reached * piety under Ashenzari
  5931 | D:7      | Noticed a wyvern
  6003 | D:6      | Found Xeehanopt's General Store.
  6613 | D:6      | Bought a scroll of teleportation for 42 gold pieces
  6751 | D:6      | Found a snail-covered altar of Cheibriados.
  6792 | D:6      | Reached XP level 9. HP: 55/69 MP: 18/18
  7385 | D:7      | Reached ** piety under Ashenzari
  7934 | D:7      | Identified the Vellum of Creative Ice
  8203 | D:7      | Reached skill level 5 in Invocations
  8831 | D:8      | Reached skill level 5 in Short Blades
  8831 | D:8      | Reached skill level 5 in Long Blades
  8831 | D:8      | Reached skill level 5 in Axes
  8831 | D:8      | Reached skill level 5 in Polearms
  8831 | D:8      | Reached skill level 5 in Staves
  8831 | D:8      | Reached skill level 5 in Ranged Weapons
  8831 | D:8      | Reached skill level 5 in Throwing
  8831 | D:8      | Reached skill level 5 in Armour
  8831 | D:8      | Reached skill level 5 in Stealth
  8831 | D:8      | Reached skill level 5 in Shields
  8831 | D:8      | Reached skill level 5 in Unarmed Combat
  8831 | D:8      | Reached skill level 5 in Evocations
  8831 | D:8      | Reached XP level 10. HP: 40/77 MP: 18/20
  9026 | D:8      | Found a hide-covered altar of Uskayaw.
  9027 | D:8      | Found a bloodstained altar of Trog.
  9151 | D:8      | Found a sparkling altar of Nemelex Xobeh.
  9344 | D:8      | Found a hazy altar of Hepliaklqana.
  9404 | D:8      | Found an iron altar of Okawaru.
  9682 | D:8      | Found a glowing golden altar of the Shining One.
 10018 | D:9      | Noticed a kobold demonologist
 10023 | D:9      | Killed a kobold demonologist
 10512 | D:9      | Learned a level 3 spell: Frozen Ramparts
 10551 | D:10     | Entered Level 10 of the Dungeon
 10551 | D:10     | Found the Hermit's Pendant {Faith Invo=14 Evo=0 MP+5}
 10810 | D:10     | Found a staircase to the Orcish Mines.
 10818 | D:10     | Noticed a two-headed ogre
 10834 | D:10     | Killed a two-headed ogre
 10944 | D:10     | Found an ornate altar of the Wu Jian Council.
 11008 | D:9      | Reached skill level 5 in Hexes
 11008 | D:9      | Reached skill level 5 in Summonings
 11008 | D:9      | Reached skill level 5 in Necromancy
 11008 | D:9      | Reached skill level 5 in Translocations
 11008 | D:9      | Reached skill level 5 in Transmutations
 11008 | D:9      | Reached skill level 5 in Fire Magic
 11008 | D:9      | Reached skill level 5 in Ice Magic
 11008 | D:9      | Reached skill level 5 in Air Magic
 11008 | D:9      | Reached skill level 5 in Earth Magic
 11008 | D:9      | Reached skill level 5 in Poison Magic
 11008 | D:9      | Reached XP level 11. HP: 85/85 MP: 18/22
 11080 | D:9      | Noticed a two-headed ogre
 11094 | D:9      | Killed a two-headed ogre
 11255 | D:9      | Found a staircase to the Lair.
 11442 | D:9      | Learned a level 4 spell: Manifold Assault
 11449 | D:9      | Learned a level 6 spell: Statue Form
 12346 | D:11     | Noticed a cyclops
 12367 | D:11     | Killed a cyclops
 13132 | D:11     | Reached XP level 12. HP: 94/94 MP: 19/24
 13326 | D:12     | Noticed a boulder beetle
 13535 | Lair:1   | Entered Level 1 of the Lair of Beasts
 13688 | Lair:1   | Reached skill level 10 in Maces & Flails
 14148 | Lair:1   | Reached *** piety under Ashenzari
 14155 | Lair:1   | Learned a level 5 spell: Summon Mana Viper
 14634 | Lair:2   | Noticed a six-headed hydra
 14768 | Lair:2   | Killed a six-headed hydra
 14931 | Lair:2   | Reached **** piety under Ashenzari
 14955 | Lair:2   | Reached XP level 13. HP: 101/101 MP: 26/26
 14971 | Lair:2   | Found an ancient bone altar of Kikubaaqudgha.
 15437 | Lair:2   | Found a staircase to the Swamp.
 16059 | Lair:3   | Identified the +3 short sword of Midnight {heavy, Dex+3}
 16188 | Lair:3   | Found a hole to the Spider Nest.
 16576 | Lair:3   | Reached skill level 10 in Spellcasting
 16613 | Lair:3   | Identified the Excursus on the Gestalt
 16753 | Spider:1 | Entered Level 1 of the Spider Nest
 17244 | Lair:4   | Found a runed translucent gate.
 17244 | Lair:4   | Found a runed translucent gate.
 17244 | Lair:4   | Found a runed translucent gate.
 17292 | Lair:4   | Reached ***** piety under Ashenzari
 17509 | Lair:4   | Reached skill level 10 in Fighting
 17509 | Lair:4   | Reached skill level 10 in Dodging
 17764 | Lair:4   | Noticed laqueoix's ghost (journeyman FoFi)
 17765 | Lair:4   | Identified the amulet of the Median {RegenMP Str+4 Int+4
                  | Dex-3}
 18220 | Lair:5   | Entered Level 5 of the Lair of Beasts
 18346 | Lair:5   | Found a staircase to the Slime Pits.
 18346 | Lair:5   | Found a viscous altar of Jiyva.
 18548 | Lair:5   | Reached XP level 14. HP: 116/116 MP: 22/30
 18636 | Lair:5   | Reached skill level 10 in Invocations
 19327 | Lair:5   | Identified the ring "Corot" {rN+ Str+3}
 19331 | Lair:5   | Found a large runed translucent door.
 19365 | Lair:5   | Found a large runed translucent door.
 20694 | Lair:5   | Identified the cursed +2 pair of gloves "Manifest Omen"
                  | {Evo, Melee} (You found it on level 10 of the Dungeon)
 20694 | Lair:5   | Identified the cursed +0 pair of boots of the Pangnostic
                  | Portent {Evo, Cun} (You found it on level 2 of the Dungeon)
 20694 | Lair:5   | Identified the cursed +0 steam dragon scales "Chained
                  | Together" {Melee, Self} (You found it on level 6 of the
                  | Dungeon)
 21413 | D:12     | Identified a scroll of acquirement
 21421 | D:12     | Acquired 373 gold pieces
 21635 | D:12     | Reached skill level 10 in Conjurations
 21978 | D:13     | Reached skill level 10 in Short Blades
 21978 | D:13     | Reached skill level 10 in Long Blades
 21978 | D:13     | Reached skill level 10 in Axes
 21978 | D:13     | Reached skill level 10 in Polearms
 21978 | D:13     | Reached skill level 10 in Staves
 21978 | D:13     | Reached skill level 10 in Ranged Weapons
 21978 | D:13     | Reached skill level 10 in Throwing
 21978 | D:13     | Reached skill level 10 in Armour
 21978 | D:13     | Reached skill level 10 in Stealth
 21978 | D:13     | Reached skill level 10 in Shields
 21978 | D:13     | Reached skill level 10 in Unarmed Combat
 21978 | D:13     | Reached skill level 10 in Evocations
 22207 | D:13     | Found an opulent altar of Gozag.
 22483 | D:13     | Noticed Kirke
 22499 | D:13     | Killed Kirke
 23259 | D:14     | Reached XP level 15. HP: 60/123 MP: 25/32
 23267 | D:14     | Learned a level 7 spell: Malign Gateway
 24269 | D:14     | Found a gate to the Vaults.
 24991 | D:15     | Entered Level 15 of the Dungeon
 25173 | D:15     | Noticed Josephine
 25222 | D:15     | Killed Josephine
 25510 | Orc:1    | Entered Level 1 of the Orcish Mines
 25577 | Orc:2    | Entered Level 2 of the Orcish Mines
 25581 | Orc:2    | Noticed an orc warlord
 25844 | Orc:1    | Found Zuafa's Armour Shop.
 25902 | Orc:1    | Noticed Snorg
 25919 | Orc:1    | Killed Snorg
 26105 | Orc:1    | Found Irolenub's General Store.
 26113 | Orc:1    | Bought a scroll of teleportation for 45 gold pieces
 26221 | Orc:2    | Found a staircase to the Elven Halls.
 26223 | Orc:2    | Found Ycroezej's Antique Armour Shoppe.
 26235 | Orc:2    | Noticed an orc warlord
 26263 | Orc:2    | Killed an orc warlord
 26296 | Orc:2    | Found Qiraugub's Jewellery Emporium.
 26518 | Orc:2    | Noticed an orc warlord
 26548 | Orc:2    | Killed an orc warlord
 26551 | Orc:2    | Killed an orc warlord
 26821 | Orc:2    | Found Diuf's Book Boutique.
 26869 | Orc:2    | Noticed Azrael
 26891 | Orc:2    | Killed Azrael
 26927 | Orc:2    | Found Cireifiet's General Store.
 27010 | Orc:2    | Bought a scroll of enchant weapon for 127 gold pieces
 27050 | Orc:2    | Reached XP level 16. HP: 110/132 MP: 21/34
 27096 | Orc:2    | Paralysed by an orc sorcerer for 3 turns
 27155 | Orc:2    | Found Ixyal's Antique Weapon Shop.
 27740 | D:3      | Bought the +10 dark maul {heavy} for 824 gold pieces
 27740 | D:3      | Found the +10 dark maul {heavy}
 28014 | Swamp:1  | Entered Level 1 of the Swamp
 28023 | Swamp:1  | Slain by an alligator

Illustrated notes

Levels and vault maps discovered:
D:1:      elethiomel_arrival_infinity_welcomes_careful_drivers, layout_rooms,
          minmay_pentomino_r2
D:2:      layout_basic, minmay_misc_feat_diagonals, minmay_shallow_snake_nest,
          uniq_natasha, uniq_jessica, uniq_terence
D:3:      layout_loops_ring, fiery_altar_vehumet,
          gammafunk_temple_overflow_pools, serial_shops,
          nicolae_shop_bloodbath_and_beyond, nicolae_underground_beach
D:4:      layout_loops_ring, brannock_xom_greatest_gift,
          mainiacjoe_overflow_24_doors, lightli_temple_of_fire,
          gammafunk_ghost_mausoleum, uniq_sigmund
D:5:      layout_cave_pods, nicolae_dithmenos_through_a_glass_darkly,
          minmay_temple_entry_ruins, eino_tiny_chamber, uniq_eustachio
D:6:      layout_gridville, lemuel_coloured_pillars_altar, serial_shops, shop,
          serial_demonic, serial_demonic_d, serial_demonic_g, serial_demonic_c,
          serial_demonic_c, serial_bayou_lagoon_b
D:7:      minmay_razor_zed, layout_basic
D:8:      cheibrodos_iron_armory, layout_loops_cross, lemuel_doored_altar,
          kennysheep_mini_moat, nemelex_diamond_rough_becter, minitemple,
          mainiacjoe_overflow_surrounded_room
D:9:      layout_basic, hellmonk_lair_entry_icy, nrook_mini_vaults,
          nicolae_two_hexagons
D:10:     layout_cave_pools, nicolae_wu_jian_glorious_leap, kennysheep_donut
D:11:     layout_roguey
D:12:     layout_layer_cave, minivault_7
D:13:     nicolae_hitomezashi [nicolae_hito_row, nicolae_hito_row,
          nicolae_hito_row, nicolae_hito_row, nicolae_hito_row,
          nicolae_hito_row, nicolae_hito_row, nicolae_hito_row,
          nicolae_hito_row, nicolae_hito_row, nicolae_hito_row,
          nicolae_hito_row, nicolae_hito_row, nicolae_hito_row,
          nicolae_hito_row, nicolae_hito_row, nicolae_hito_row,
          nicolae_hito_row], layout_layer_cave, grunt_gozag_statues, uniq_kirke
D:14:     layout_long_grid, grunt_vaults_entry_tiered, evilmike_butchery
D:15:     gammafunk_enter_depths_forms, layout_long_grid,
          hangedman_decor_diamond_cutter, beargit_hepliaklqana_dungeon_heroes,
          uniq_josephine
Lair:1:   layout_loops_ring
Lair:2:   layout_misc_corridors, palyth_hydra_swamp_entry, basic_altar,
          grunt_megastairs_1, infiniplex_staircase_pool_2
Lair:3:   layout_regular_city, dummy_spider_entry
Lair:4:   layout_regular_city, gammafunk_ghost_hydra_chop, serial_bayou_shore_a
Lair:5:   cheibrodos_lair_end_hotspot, layout_layer_cave, slime_entry_1,
          minmay_stone_trees_medium
Swamp:1:  layout_basic_swamp, evilmike_swamp_ruin_house_6
Spider:1: layout_spider_delve, uniq_nikola
Orc:1:    layout_diamond_mine, serial_shops, shop,
          nicolae_shop_temple_entry_statues_fountains, uniq_snorg
Orc:2:    grunt_orc_gardens, layout_diamond_mine, grunt_orc_garden,
          grunt_orc_garden, grunt_orc_garden, grunt_orc_garden, serial_shops,
          nicolae_square_shop, minmay_orc_barracks, uniq_azrael

Skill      XL: |  1  2  3  4  5  6  7  8  9 10 11 12 13 14 15 16 |
---------------+-------------------------------------------------+-----
Spellcasting   | 5 6 7 8 9 10 11 12 | 12.0
Invocations    | 1 2 3 4 5 6 7 8 9 10 11 | 11.9
Short Blades   | 1 2 3 5 6 7 8 9 10 11 | 11.0
Long Blades    | 1 2 3 5 6 7 8 9 10 11 | 11.0
Axes           | 1 2 3 5 6 7 8 9 10 11 | 11.0
Polearms       | 1 2 3 5 6 7 8 9 10 11 | 11.0
Staves         | 1 2 3 5 6 7 8 9 10 11 | 11.0
Ranged Weapons | 1 2 3 5 6 7 8 9 10 11 | 11.0
Throwing       | 1 2 3 5 6 7 8 9 10 11 | 11.0
Armour         | 1 2 3 5 6 7 8 9 10 11 | 11.0
Stealth        | 1 2 3 5 6 7 8 9 10 11 | 11.0
Shields        | 1 2 3 5 6 7 8 9 10 11 | 11.0
Unarmed Combat | 1 2 3 5 6 7 8 9 10 11 | 11.0
Evocations     | 1 2 3 5 6 7 8 9 10 11 | 11.0
Hexes          | 1 2 3 4 5 6 7 8 9 |  9.2
Summonings     | 1 2 3 4 5 6 7 8 9 |  9.2
Necromancy     | 1 2 3 4 5 6 7 8 9 |  9.2
Translocations | 1 2 3 4 5 6 7 8 9 |  9.2
Transmutations | 1 2 3 4 5 6 7 8 9 |  9.2
Fire Magic     | 1 2 3 4 5 6 7 8 9 |  9.2
Ice Magic      | 1 2 3 4 5 6 7 8 9 |  9.2
Air Magic      | 1 2 3 4 5 6 7 8 9 |  9.2
Earth Magic    | 1 2 3 4 5 6 7 8 9 |  9.2
Poison Magic   | 1 2 3 4 5 6 7 8 9 |  9.2
Fighting       | 5 6 7 8 9 10 11 | 11.9
Dodging        | 5 6 7 8 9 10 11 | 11.9
Maces & Flails | 7 8 9 10 11 12 | 12.7
Conjurations   | 6 7 8 9 10 | 10.7

Action                     |  1- 3 |  4- 6 |  7- 9 | 10-12 | 13-15 | 16-18 || total
---------------------------+-------+-------+-------+-------+-------+-------++-------
  Melee: Mace              |   106 |    98 |   115 |       |       |       ||   319
         Bite              |     6 |    11 |    62 |   137 |   207 |     4 ||   427
         Punch             |       |     1 |    13 |    49 |   133 |     4 ||   200
         Spear             |       |       |   378 |    94 |       |       ||   472
         Dire flail        |       |       |       |   174 |       |       ||   174
         Morningstar       |       |       |       |    27 |       |       ||    27
         Demon whip        |       |       |       |   697 |  1212 |    17 ||  1926
         Maul              |       |       |       |       |       |    11 ||    11
  Throw: Dart              |       |     3 |    37 |    13 |    10 |       ||    63
   Cast: Momentum Strike   |     1 |     8 |     6 |     8 |     7 |       ||    30
         Kiss of Death     |     1 |       |     3 |     1 |     1 |       ||     6
         Wereblood         |       |       |     2 |    17 |    37 |     1 ||    57
         Frozen Ramparts   |       |       |       |    10 |    59 |     1 ||    70
         Manifold Assault  |       |       |       |       |    13 |     4 ||    17
         Summon Mana Viper |       |       |       |       |    32 |       ||    32
         Statue Form       |       |       |       |       |     3 |       ||     3
         Malign Gateway    |       |       |       |       |     9 |       ||     9
 Invoke: Curse Item        |       |       |     3 |     4 |     2 |       ||     9
         Shatter the Chain |       |       |       |     1 |       |       ||     1
  Evoke: Wand              |       |     3 |     9 |    10 |     1 |       ||    23
         Box of beasts     |       |       |       |       |     2 |       ||     2
    Use: Scroll            |       |       |     1 |     5 |     2 |       ||     8
         Potion            |       |       |     1 |     2 |     1 |     3 ||     7
   Stab: Sleeping          |     1 |     2 |     7 |     7 |    18 |       ||    35
         Distracted        |       |       |     1 |     2 |     6 |       ||     9
         Paralysed         |       |       |       |    66 |     3 |       ||    69
 Armour: Leather armour    |    23 |    43 |    54 |       |       |       ||   120
         Steam dragon scal |       |       |   117 |   239 |   314 |    13 ||   683
         Skin              |       |       |       |       |     9 |       ||     9
  Dodge: Dodged            |    61 |    78 |   318 |   573 |   730 |    26 ||  1786
